NCAA
BUTLER BULLDOGS @ GEORGETOWN HOYAS
04/22/2030
 
TOP OF THE 1ST
Butler Bulldogs batting - Pitching for Georgetown Hoyas : RHP Rich Puckett
Pitching: RHP Rich Puckett
Batting: LHB Alex Kelly 0-0: Called Strike
0-1: Foul Ball, location: 2F
0-2: Foul Ball, location: 2F
0-2: Ball
1-2: Foul Ball, location: 2F
1-2: Strikes out swinging
Batting: RHB Benjamin Monroe 0-0: Bunted foul
0-1: Ball
1-1: Fly out, F9 (Flyball, 89M)
Batting: RHB Patrice Charette 0-0: Foul Ball, location: 2F
0-1: Called Strike
0-2: Ball
1-2: Strikes out swinging
Top of the 1st over - 0 runs, 0 hits, 0 errors, 0 left on base; Butler 0 - Georgetown 0
BOTTOM OF THE 1ST
Georgetown Hoyas batting - Pitching for Butler Bulldogs : LHP Dan Hashbarger
Pitching: LHP Dan Hashbarger
Batting: SHB Luis Garza 0-0: Ball
1-0: Swinging Strike
1-1: Foul Ball, location: 2F
1-2: Hit by Pitch
Batting: LHB Boyd Boone 0-0: Ball
1-0: Called Strike
1-1: Ball
2-1: Foul Ball, location: 2F
2-2: Ball
3-2: Base on Balls
Luis Garza to second
Batting: RHB Ben Bradley 0-0: Ball
1-0: Ball
2-0: Ball
3-0: Base on Balls
Luis Garza to third
Boyd Boone to second
Batting: LHB Robert Lucas 0-0: Called Strike
0-1: Ball
1-1: Foul Ball, location: 2F
1-2: Foul Ball, location: 2F
1-2: Strikes out swinging
Batting: RHB Vicente Correa 0-0: Grounds into double play, 1-2-3 (Groundball, 13)
Bottom of the 1st over - 0 runs, 0 hits, 0 errors, 2 left on base; Butler 0 - Georgetown 0
TOP OF THE 2ND
Butler Bulldogs batting - Pitching for Georgetown Hoyas : RHP Rich Puckett
Batting: LHB Bill O'Higgins 0-0: Fly out, F7 (Flyball, 7LM)
Batting: RHB Nelson Thompson 0-0: SINGLE (Flyball, 89S)
Batting: RHB Jorge Solís 0-0: Called Strike
0-1: Ball
1-1: Ball
2-1: Grounds into double play, 2-4-3 (Groundball, 2L)
Top of the 2nd over - 0 runs, 1 hit, 0 errors, 0 left on base; Butler 0 - Georgetown 0
BOTTOM OF THE 2ND
Georgetown Hoyas batting - Pitching for Butler Bulldogs : LHP Dan Hashbarger
Batting: LHB Howard Pedrasa 0-0: Ball
1-0: Ground out U3 (Groundball, 34S)
Batting: RHB Andrew Wolf 0-0: Called Strike
0-1: Foul Ball, location: 2F
0-2: Ball
1-2: Ground out 6-3 (Groundball, 6)
Batting: LHB Doug Reed 0-0: Ball
1-0: Called Strike
1-1: Foul Ball, location: 2F
1-2: Ball
2-2: Ball
3-2: Fly out, F8 (Flyball, 8RD)
Bottom of the 2nd over - 0 runs, 0 hits, 0 errors, 0 left on base; Butler 0 - Georgetown 0
TOP OF THE 3RD
Butler Bulldogs batting - Pitching for Georgetown Hoyas : RHP Rich Puckett
Batting: LHB Todd Hunt 0-0: Ball
1-0: Ball
2-0: Fly out, F6 (Popup, P)
Batting: RHB Kenny Lowe 0-0: Ball
1-0: Called Strike
1-1: Ball
2-1: Swinging Strike
2-2: Foul Ball, location: 2F
2-2: Ball
3-2: Foul Ball, location: 2F
3-2: Base on Balls
Batting: RHB Danny Giles 0-0: Ball
1-0: Ball
2-0: Foul Ball, location: 2F
2-1: Fly out, F3 (Popup, 3S)
Batting: LHB Alex Kelly 0-0: Ball
1-0: Swinging Strike
1-1: Ball
2-1: Ball
3-1: Base on Balls
Kenny Lowe to second
Batting: RHB Benjamin Monroe 0-0: Ball
1-0: Ball
2-0: Fly out, F9 (Flyball, 9)
Top of the 3rd over - 0 runs, 0 hits, 0 errors, 2 left on base; Butler 0 - Georgetown 0
BOTTOM OF THE 3RD
Georgetown Hoyas batting - Pitching for Butler Bulldogs : LHP Dan Hashbarger
Batting: SHB Tommy Goodman 0-0: Foul Ball, location: 2F
0-1: Ball
1-1: Swinging Strike
1-2: Strikes out looking
Batting: SHB Luis Garza 0-0: Ball
1-0: Foul Ball, location: 2F
1-1: Ball
2-1: Called Strike
2-2: Ball
3-2: Foul Ball, location: 2F
3-2: Strikes out swinging
Batting: LHB Boyd Boone 0-0: Ball
1-0: Ball
2-0: Ball
3-0: Base on Balls
Batting: RHB Ben Bradley 0-0: Ball
1-0: Called Strike
1-1: SINGLE (Groundball, 56D)
Boyd Boone to second
Batting: LHB Robert Lucas 0-0: Swinging Strike
0-1: Ball
1-1: Fly out, F7 (Flyball, 78M)
Bottom of the 3rd over - 0 runs, 1 hit, 0 errors, 2 left on base; Butler 0 - Georgetown 0
TOP OF THE 4TH
Butler Bulldogs batting - Pitching for Georgetown Hoyas : RHP Rich Puckett
Batting: RHB Patrice Charette 0-0: Called Strike
0-1: Ball
1-1: Ball
2-1: Ball
3-1: Foul Ball, location: 2F
3-2: Strikes out swinging
Batting: LHB Bill O'Higgins 0-0: Foul Ball, location: 2F
0-1: Foul Ball, location: 2F
0-2: Ball
1-2: Strikes out looking
Batting: RHB Nelson Thompson 0-0: Swinging Strike
0-1: Ball
1-1: Foul Ball, location: 2F
1-2: Strikes out swinging
Top of the 4th over - 0 runs, 0 hits, 0 errors, 0 left on base; Butler 0 - Georgetown 0
BOTTOM OF THE 4TH
Georgetown Hoyas batting - Pitching for Butler Bulldogs : LHP Dan Hashbarger
Batting: RHB Vicente Correa 0-0: Foul Ball, location: 2F
0-1: Ball
1-1: Called Strike
1-2: Strikes out swinging
Batting: LHB Howard Pedrasa 0-0: Ball
1-0: Fly out, F8 (Flyball, 8LD)
Batting: RHB Andrew Wolf 0-0: Ground out U3 (Groundball, 3)
Bottom of the 4th over - 0 runs, 0 hits, 0 errors, 0 left on base; Butler 0 - Georgetown 0
TOP OF THE 5TH
Butler Bulldogs batting - Pitching for Georgetown Hoyas : RHP Rich Puckett
Batting: RHB Jorge Solís 0-0: Ball
1-0: Called Strike
1-1: Foul Ball, location: 2F
1-2: SINGLE (Groundball, 6D)
Batting: LHB Todd Hunt 0-0: Called Strike
0-1: Foul Ball, location: 2F
0-2: Foul Ball, location: 2F
0-2: Fly out, F8 (Flyball, 78M)
Batting: RHB Kenny Lowe 0-0: Ball
1-0: Ball
2-0: Ball
3-0: Base on Balls
Jorge Solís to second
Batting: RHB Danny Giles 0-0: Foul Ball, location: 2F
0-1: Grounds into double play, 6-4-3 (Groundball, 6M)
Top of the 5th over - 0 runs, 1 hit, 0 errors, 1 left on base; Butler 0 - Georgetown 0
BOTTOM OF THE 5TH
Georgetown Hoyas batting - Pitching for Butler Bulldogs : LHP Dan Hashbarger
Batting: LHB Doug Reed 0-0: Fly out, F9 (Flyball, 9LS)
Batting: SHB Tommy Goodman 0-0: Foul Ball, location: 2F
0-1: Ground out 6-3 (Groundball, 6)
Batting: SHB Luis Garza 0-0: Ground out U3 (Groundball, 34)
Bottom of the 5th over - 0 runs, 0 hits, 0 errors, 0 left on base; Butler 0 - Georgetown 0
TOP OF THE 6TH
Butler Bulldogs batting - Pitching for Georgetown Hoyas : RHP Rich Puckett
Batting: LHB Alex Kelly 0-0: Ball
1-0: Called Strike
1-1: Ground out 4-3 (Groundball, 4M)
Batting: RHB Benjamin Monroe 0-0: Foul Ball, location: 2F
0-1: Ball
1-1: Ball
2-1: TRIPLE (Flyball, 7D)
Batting: RHB Patrice Charette 0-0: Ball
1-0: Foul Ball, location: 2F
1-1: Ball
2-1: Foul Ball, location: 2F
2-2: Strikes out looking
Pitching: RHP Siméon Goupil
Batting: LHB Bill O'Higgins 0-0: Ball
1-0: Foul Ball, location: 2F
1-1: Ball
2-1: Foul Ball, location: 2F
2-2: 2-RUN HOME RUN (Line Drive, 9LD), Distance : 342 ft
Batting: RHB Nelson Thompson 0-0: SINGLE (Groundball, 56D)
Batting: RHB Jorge Solís 0-0: Ball
1-0: Ball
2-0: Ball
3-0: Base on Balls
Nelson Thompson to second
Batting: LHB Todd Hunt 0-0: Fielders Choice at 2nd, 6-4 (Groundball, 6)
Top of the 6th over - 2 runs, 3 hits, 0 errors, 2 left on base; Butler 2 - Georgetown 0
BOTTOM OF THE 6TH
Georgetown Hoyas batting - Pitching for Butler Bulldogs : LHP Dan Hashbarger
Batting: LHB Boyd Boone 0-0: SOLO HOME RUN (Flyball, 9LD), Distance : 339 ft
Batting: RHB Ben Bradley 0-0: Called Strike
0-1: Called Strike
0-2: Foul Ball, location: 2F
0-2: Strikes out looking
Batting: LHB Robert Lucas 0-0: Ball
1-0: Ball
2-0: Called Strike
2-1: Ball
3-1: Called Strike
3-2: Fly out, F8 (Line Drive, 8RM)
Batting: RHB Vicente Correa 0-0: Ball
1-0: Ball
2-0: Ball
3-0: Called Strike
3-1: Fly out, F6 (Popup, 6MS)
Bottom of the 6th over - 1 run, 1 hit, 0 errors, 0 left on base; Butler 2 - Georgetown 1
TOP OF THE 7TH
Butler Bulldogs batting - Pitching for Georgetown Hoyas : RHP Siméon Goupil
Batting: RHB Kenny Lowe 0-0: Ball
1-0: SINGLE (Line Drive, 6MD)
Batting: RHB Danny Giles 0-0: Ball
1-0: Swinging Strike
1-1: Foul Ball, location: 2F
1-2: Ball
2-2: Ball
3-2: Foul Ball, location: 2F
3-2: Base on Balls
Kenny Lowe to second
Batting: LHB Alex Kelly 0-0: SINGLE (Line Drive, 7S)
Kenny Lowe to third
Danny Giles to second
Batting: RHB Benjamin Monroe 0-0: Foul Ball, location: 2F
0-1: Ball
1-1: Ball
2-1: DOUBLE (Flyball, 7D)
Kenny Lowe scores
Danny Giles scores
Alex Kelly to third
Pitching: RHP Joe Smith
Batting: RHB Patrice Charette 0-0: Ground out 3-1 (Groundball, 34S)
Batting: LHB Bill O'Higgins 0-0: Intentional Walk
Batting: RHB Nelson Thompson 0-0: SINGLE (Groundball, 56D)
Alex Kelly scores
Benjamin Monroe to third
Bill O'Higgins to second
Runner from 3rd tries for Home, SAFE, throw made home
Batting: RHB Jorge Solís 0-0: Called Strike
0-1: Called Strike
0-2: Fly out, F8 (Flyball, 8RM)
Runner from 2nd tags up, SAFE at 3rd with throw
Batting: LHB Todd Hunt 0-0: Called Strike
0-1: DOUBLE (Line Drive, 9D)
Bill O'Higgins scores
Nelson Thompson to third
Runner from 3rd tries for Home, SAFE, throw made at trailing runner, OUT at third!
Top of the 7th over - 6 runs, 5 hits, 0 errors, 0 left on base; Butler 8 - Georgetown 1
BOTTOM OF THE 7TH
Georgetown Hoyas batting - Pitching for Butler Bulldogs : LHP Dan Hashbarger
Pitching: LHP Martín Aragón
Batting: LHB Howard Pedrasa 0-0: Ground out 5-3 (Groundball, 5L)
Batting: RHB Andrew Wolf 0-0: Ball
1-0: Called Strike
1-1: Hit by Pitch
Batting: LHB Doug Reed 0-0: Called Strike
0-1: Ball
1-1: Fielders Choice at 2nd, 4-6 (Groundball, 4)
Batting: SHB Tommy Goodman 0-0: Swinging Strike
0-1: Ball
1-1: Ball
2-1: DOUBLE (Line Drive, 78D)
Doug Reed to third
Batting: SHB Luis Garza 0-0: Foul Ball, location: 2F
0-1: Foul Ball, location: 2F
0-2: Ball
1-2: Foul Ball, location: 2F
1-2: Ball
2-2: Ball
3-2: Fly out, F8 (Flyball, 89M)
Bottom of the 7th over - 0 runs, 1 hit, 0 errors, 2 left on base; Butler 8 - Georgetown 1
TOP OF THE 8TH
Butler Bulldogs batting - Pitching for Georgetown Hoyas : RHP Joe Smith
Batting: RHB Kenny Lowe 0-0: Ball
1-0: Foul Ball, location: 2F
1-1: Fly out, F7 (Flyball, 7LD)
Batting: RHB Danny Giles 0-0: Ball
1-0: Fly out, F8 (Line Drive, 8RM)
Batting: LHB Alex Kelly 0-0: Ball
1-0: Swinging Strike
1-1: Fly out, F7 (Flyball, 7S)
Top of the 8th over - 0 runs, 0 hits, 0 errors, 0 left on base; Butler 8 - Georgetown 1
BOTTOM OF THE 8TH
Georgetown Hoyas batting - Pitching for Butler Bulldogs : LHP Martín Aragón
Batting: LHB Boyd Boone 0-0: Ball
1-0: Foul Ball, location: 2F
1-1: Ball
2-1: Ball
3-1: Foul Ball, location: 2F
3-2: Fly out, F9 (Flyball, 89M)
Batting: RHB Ben Bradley 0-0: Ball
1-0: Ball
2-0: SINGLE (Groundball, 34S) (infield hit)
Batting: LHB Robert Lucas 0-0: Called Strike
0-1: Ball
1-1: Swinging Strike
1-2: Strikes out swinging
Batting: RHB Vicente Correa 0-0: Ball
1-0: Ball
2-0: SINGLE (Groundball, 4MD)
Ben Bradley to second
Batting: LHB Howard Pedrasa 0-0: Called Strike
0-1: Ball
1-1: Ball
2-1: Foul Ball, location: 2F
2-2: Foul Ball, location: 2F
2-2: Ball
3-2: DOUBLE (Line Drive, 7LM)
Ben Bradley scores
Vicente Correa to third
Vicente Correa scores
Batting: RHB Andrew Wolf 0-0: Ball
1-0: Foul Ball, location: 2F
1-1: Ball
2-1: Ball
3-1: Base on Balls
Batting: LHB Doug Reed 0-0: Called Strike
0-1: Swinging Strike
0-2: Ball
1-2: Strikes out swinging
Bottom of the 8th over - 2 runs, 3 hits, 0 errors, 2 left on base; Butler 8 - Georgetown 3
TOP OF THE 9TH
Butler Bulldogs batting - Pitching for Georgetown Hoyas : RHP Joe Smith
Pitching: RHP Clay Evans
Batting: RHB Benjamin Monroe 0-0: Fly out, F8 (Flyball, 8LS)
Batting: RHB Patrice Charette 0-0: Ground out 5-3 (Groundball, 56)
Batting: LHB Bill O'Higgins 0-0: SINGLE (Line Drive, 7S)
Batting: RHB Nelson Thompson 0-0: Ball
1-0: Called Strike
1-1: Swinging Strike
1-2: Fly out, F9 (Flyball, 89M)
Top of the 9th over - 0 runs, 1 hit, 0 errors, 1 left on base; Butler 8 - Georgetown 3
BOTTOM OF THE 9TH
Georgetown Hoyas batting - Pitching for Butler Bulldogs : LHP Martín Aragón
Now at 1B: Lawrence Marshall
Batting: SHB Tommy Goodman 0-0: Ball
1-0: Fly out, F5 (Popup, 5S)
Batting: SHB Luis Garza 0-0: Fly out, F9 (Flyball, 9LS)
Batting: LHB Boyd Boone 0-0: Foul Ball, location: 2F
0-1: Ball
1-1: Foul Ball, location: 2F
1-2: Foul Ball, location: 2F
1-2: Ball
2-2: Foul Ball, location: 2F
2-2: Ball
3-2: Base on Balls
Pitching: RHP Jim Quinborough
Batting: RHB Ben Bradley 0-0: Called Strike
0-1: Ball
1-1: Hit by Pitch
Boyd Boone to second
Batting: LHB Robert Lucas 0-0: Ball
1-0: Swinging Strike
1-1: Swinging Strike
1-2: Ball
2-2: Fly out, F4 (Popup, 13S)
Bottom of the 9th over - 0 runs, 0 hits, 0 errors, 2 left on base; Butler 8 - Georgetown 3
Saturday, April 7th, 2018 - OOTP Baseball 18.8 Build 76